 Seeded DCSS version 0.29-a0-380-gf50f0a9fbc (webtiles) character file.

Game seed: 23 (custom seed)

13 joe1234567 the Stinger (level 2, 0/16 HPs)
             Began as a Gargoyle Venom Mage on May 5, 2022.
             Slain by a ball python (3 damage)
             ... on level 1 of the Dungeon.
             The game lasted 00:02:44 (466 turns).

joe1234567 the Stinger (Gargoyle Venom Mage)         Turns: 466, Time: 00:02:45

Health: 0/16       AC:  4    Str: 11    XL:     2   Next: 37%
Magic:  5/5        EV:  9    Int: 15    God:
Gold:   32         SH:  0    Dex: 10    Spells: 4/5 levels left

rFire   . . .      SeeInvis .   d - +0 club
rCold   . . .      Faith    .   (no shield)
rNeg    + . .      Spirit   .   a - +0 robe
rPois   ∞          Reflect  .   (no helmet)
rElec   +          Harm     .   (no cloak)
rCorr   .          Rampage  .   (no gloves)
Will    .....                   (no boots)
Stlth   ++........              (no amulet)
HPRegen 0.05/turn               (no ring)
MPRegen 0.09/turn               (no ring)

@: constricted
A: sickness immunity, AC +2, negative energy resistance 1, electricity
resistance, torment resistance 1, petrification resistance
a: no special abilities


You were on level 1 of the Dungeon.
You visited 1 branch of the dungeon, and saw 1 of its levels.

You collected 32 gold pieces.

Inventory:

Hand Weapons
 d - a +0 club (weapon)
Missiles
 c - 4 poisoned darts (quivered)
Armour
 a - a +0 robe (worn)
Potions
 b - a potion of magic


   Skills:
 + Level 0.4 Fighting
 + Level 0.2 Maces & Flails
 + Level 1.7 Dodging
 + Level 2.1 Stealth
 + Level 2.2 Spellcasting
 + Level 0.7 Transmutations
 + Level 3.2 Poison Magic


You had 4 spell levels left.
You knew the following spells:

 Your Spells              Type           Power      Damage    Failure   Level
a - Sting                 Tmut/Pois      28%        1d4       10%         1

Your spell library contained the following spells:

 Spells                   Type           Power      Damage    Failure   Level
 Poisonous Vapours        Pois/Air       12%        N/A       17%         2
 Mephitic Cloud           Conj/Pois/Air  4%         N/A       38%         3
 Olgreb's Toxic Radiance  Pois           11%        N/A       50%         4
 Gell's Gravitas          Tloc           1%         N/A       54%         3
 Lesser Beckoning         Tloc           1%         N/A       54%         3
 Teleport Other           Tloc           1%         N/A       54%         3


Dungeon Overview and Level Annotations

Branches:
Dungeon (1/15)

Altars:


Innate Abilities, Weirdness & Mutations

You are immune to sickness and miasma.
Your stone body is resilient. (AC +2)
You are immune to poison.
You resist negative energy. (rN+)
You are resistant to electric shocks. (rElec)
You are resistant to unholy torment.
You are immune to petrification.


Message History

The ball python closely misses you.
The hobgoblin hits you but does no damage.
You closely miss the hobgoblin.
The ball python bites you but does no damage.
The ball python closely misses you.
The hobgoblin hits you but does no damage.
The ball python misses you. The ball python grabs you.
The ball python constricts you. The hobgoblin hits you.
You barely miss the hobgoblin.
The ball python bites you but does no damage.
The ball python constricts you.
The hobgoblin hits you but does no damage.
The ball python bites you. The ball python constricts you.
You hit the hobgoblin.
The hobgoblin is almost dead.
The hobgoblin hits you but does no damage.
The ball python bites you. The ball python constricts you.
You hit the hobgoblin.
You kill the hobgoblin!
The ball python closely misses you. The ball python constricts you.
The ball python bites you but does no damage.
The ball python constricts you.
You escape the ball python's grasp.
You see here a hobgoblin corpse.
The ball python attacks as you move away!
The ball python bites you but does no damage.
The ball python barely misses you.
The ball python attacks as you move away!
The ball python bites you but does no damage.
You open the door.
A hobgoblin comes into view.
The ball python closely misses you. The ball python grabs you.
The ball python constricts you. The ball python bites you.
* * * LOW HITPOINT WARNING * * *
The ball python constricts you.
* * * LOW HITPOINT WARNING * * *
You barely miss the ball python. The ball python barely misses you.
The ball python constricts you.
You closely miss the ball python. The ball python bites you.
You die...

..#### ..# #. ### ..# #.
..# ..## #. #.# # +#
...# #. #.#.# ... #..#
#.###.#.# .... #..#
#.......# .....
#..########....###......
...........†...S@g......
##.######......###......
##.# #......# ..... #.#
#.....## .... #.#
##...## ... ..# ##.## +#
### #.# #.#


You could see a hobgoblin and a ball python.

Vanquished Creatures
  2 ball pythons (D:1)
  2 goblins (D:1)
  2 hobgoblins (D:1)
  3 jackals (D:1)
  A bat (D:1)
  A frilled lizard (D:1)
11 creatures vanquished.

Notes
Turn   | Place    | Note
-------+----------+-------------------------------------------
     0 | D:1      | joe1234567 the Gargoyle Venom Mage began the quest for the
                  | Orb.
     0 | D:1      | Reached XP level 1. HP: 10/10 MP: 3/3
   277 | D:1      | Reached XP level 2. HP: 11/16 MP: 5/5
   466 | D:1      | Slain by a ball python

Illustrated notes

Levels and vault maps discovered:
D:1:      dpeg_arrival_tiny_k, layout_loops_corners

Action                   || total
-------------------------++-------
Melee: Club              ||    30
       Unarmed           ||     1
Throw: Dart              ||    10
Armor: Robe              ||    37
Dodge: Dodged            ||    52

Table legend: (Time is in decaauts)
 A = Elapsed time spent in this place.
 B = Non-inter-level travel time spent in this place.
 C = Inter-level travel time spent in this place.
 D = Time resting spent in this place.
 E = Time spent auto-exploring this place.
 F = Levels seen in this place.
 G = Mean time per level.
                   A        B        C        D        E       F      G
               +--------+--------+--------+--------+--------+-----+--------+
         Total |    474 |    474 |      0 |      0 |      0 |   1 |  474.0 |
       Dungeon |    474 |    474 |      0 |      0 |      0 |   1 |  474.0 |
               +--------+--------+--------+--------+--------+-----+--------+

Top non-repeatable levels by time:
     D:1: 474 daAuts
